 Dungeon Crawl Stone Soup version 0.20-a0-463-g5747544 (webtiles) character file.

26 HarryHood the Skirmisher (level 3, -1/24 HPs)
             Began as a Gargoyle Monk on Jan 10, 2017.
             Slain by Natasha (6 damage)
             ... on level 2 of the Dungeon.
             The game lasted 00:02:52 (1058 turns).

HarryHood the Skirmisher (Gargoyle Monk)            Turns: 1058, Time: 00:02:53

Health: -1/24      AC: 11    Str: 14    XL:     3   Next: 8%
Magic:  3/3        EV:  6    Int: 10    God:
Gold:   97         SH:  0    Dex: 13    Spells: 2/2 levels left

rFire  . . .     SeeInvis .     a - +0 mace
rCold  . . .     Gourm    .     l - +0 chain mail
rNeg   + . .     Faith    .     (no shield)
rPois  ∞         Spirit   .     (no helmet)
rElec  +         Reflect  .     (no cloak)
rCorr  .         Harm     .     (no gloves)
MR     .....                    (no boots)
Stlth  ..........               (no amulet)
                                (no ring)
                                f - ring of poison resistance

@: slowed, very slow
A: negative energy resistance 1, electricity resistance, unbreathing,
petrification resistance, rot immunity, AC +3
a: no special abilities


You were on level 2 of the Dungeon.
You were hungry.

You visited 1 branch of the dungeon, and saw 2 of its levels.

You collected 97 gold pieces.

Inventory:

Hand Weapons
 a - a +0 mace (weapon)
Armour
 e - a +0 leather armour
 l - a +0 chain mail (worn)
Jewellery
 f - a ring of poison resistance (left hand)
Scrolls
 h - a scroll of remove curse {unknown}
 i - 2 scrolls of amnesia {unknown}
 k - a scroll of immolation {unknown}
Potions
 j - a potion of haste
 m - a potion of flight
Comestibles
 b - 2 fruits {@e2}
 c - 2 bread rations {@e1}
 d - a chunk of flesh
 g - a royal jelly {=g@e3}


   Skills:
 * Level 4.5 Fighting
 - Level 3.0 Maces & Flails
 - Level 2.4 Dodging
 - Level 2.1 Stealth


You had 2 spell levels left.
You didn't know any spells.

Dungeon Overview and Level Annotations

Branches:
Dungeon (2/15)

Altars:

Annotations:
D:2 Natasha


Innate Abilities, Weirdness & Mutations

You are resistant to torment.
Your stone body is resilient. (AC +3)
You are immune to poison.
You resist negative energy. (rN+)
You are resistant to electric shocks. (rElec)
You can survive without breathing.
You are immune to petrification.
You are immune to rotting.


Message History

You closely miss the shadow imp.
The shadow imp is moderately wounded.
The shadow imp disappears in a puff of smoke!
The shadow imp barely misses you.
You hit the shadow imp.
The shadow imp is moderately wounded.
The shadow imp hits you.
* * * LOW HITPOINT WARNING * * *
The crimson imp shouts, "Give in, thou vain mumble-news erk!"
The shadow imp hits you but does no damage.
You sock the shadow imp!
You kill the shadow imp!
Natasha stares at you and mumbles some strange words.
You feel yourself slow down. Natasha completely misses you.
Natasha barely misses you.
You hit Natasha.
Natasha is moderately wounded.
The crimson imp disappears in a puff of smoke!
Natasha claws you.
You die...

.... ..# .... #.#
..#. #.# ....#.#
#..#.#######
#.##.##..#†.......
###.##......§#
...#####..#h#
#..#####..#@#
#.........#.#
#..#####..#.#
#...........#
#.........###
######.(..###.##
..........# #.#
######....# #.#
##########
##.#.###.#
#........#


You could see Natasha.

Vanquished Creatures
  An ooze (D:1)
  A leopard gecko (D:1)
  2 goblins (D:1)
  4 hobgoblins (D:1)
  5 bats
  3 frilled lizards
  2 kobolds (D:1)
  3 rats (D:1)
21 creatures vanquished.

Notes
Turn   | Place    | Note
-------+----------+-------------------------------------------
     0 | D:1      | HarryHood the Gargoyle Monk began the quest for the Orb.
     0 | D:1      | Reached XP level 1. HP: 14/14 MP: 1/1
   185 | D:1      | Reached XP level 2. HP: 14/20 MP: 2/2
   188 | D:1      | Reached skill level 4 in Fighting
   613 | D:1      | Reached XP level 3. HP: 24/24 MP: 3/3
  1037 | D:2      | Noticed Natasha
  1058 | D:2      | Slain by Natasha

Vault maps used:
D:1:      shiori_arrival_maze, serial_corexii_hall, corexii_hall_statues_i,
          corexii_hall_statues_i, nrook_uturn
D:2:      uniq_natasha

Skill      XL: |  1  2 |
---------------+-------+-----
Fighting       | 4 |  4.5
Maces & Flails | |  3.0
Dodging        | |  2.4
Stealth        | |  2.1

Action                   || total
-------------------------++-------
Melee: Mace              ||    78
  Use: Scroll            ||     2
Armor: Leather armour    ||    23
       Robe              ||     1
       Chain mail        ||    15
Dodge: Dodged            ||    49
